 Dungeon Crawl Stone Soup version bcrawl-1.40 (webtiles) character file.

Game seed: 5092673380268349659

97169 Mehrunes the Magician (level 3, -2/26 HPs)
             Began as a Mummy Wizard on Oct 18, 2023.
             Slain by a worker ant (4 damage)
             ... on level 2 of the Dungeon.
             The game lasted 00:04:36 (1584 turns).

Mehrunes the Magician (Mummy Wizard)                Turns: 1584, Time: 00:04:36

Health: -2/26      AC:  4    Str: 10    XL:     3   Next: 26%
Magic:  4/8        EV: 12    Int: 18    God:
Gold:   42         SH:  0    Dex: 10    Spells: 4/10 levels left

rFire    x . .     GDR:     22% f - +0 dagger
rCold    + . .     SeeInvis .   (no shield)
rNeg     + + +     Gourm    .   b - +0 robe
rPois    ∞         Faith    .   c - +0 hat
rElec    .         Spirit   .   d - +0 cloak
rCorr    .         Reflect  .   g - +0 pair of gloves
MR       .....     Clarity  +   (no boots)
Stlth    ++........             (no amulet)
HPRegen  0.14/turn              (no ring)
MPRegen  0.11/turn              (no ring)

@: no status effects
A: no food or potions, fire vulnerability, clarity, cold resistance 1, negative
energy resistance 3, torment resistance, unbreathing, strong hexes 1
a: no special abilities


You were on level 2 of the Dungeon.
You were not hungry.

You visited 1 branch of the dungeon, and saw 2 of its levels.

You collected 42 gold pieces.

Inventory:

Hand Weapons
 a - a +0 staff
 f - a +0 dagger (weapon)
Armour
 b - a +0 robe (worn)
 c - a +0 hat (worn)
 d - a +0 cloak (worn)
 g - a +0 pair of gloves (worn)
Scrolls
 e - 2 scrolls of teleportation
 h - a scroll of noise {unknown}
 j - a scroll of enchant weapon {unknown}
 k - a scroll of remove curse {unknown}
 l - 2 scrolls of blinking


   Skills:
 + Level 1.5 Fighting
 + Level 2.1 Dodging
 - Level 2.1 Stealth
 - Level 4.0 Spellcasting
 + Level 1.6 Conjurations
 - Level 0.7 Summonings
   Level 0.7 Translocations


You had 4 spell levels left.
You knew the following spells:

 Your Spells              Type           Power        Failure   Level  Hunger
a - Magic Dart            Conj           #...         8%          1    N/A
b - Call Imp              Summ           #.....       17%         2    N/A
c - Conjure Flame         Conj/Fire      #.......     32%         3    N/A

Your spell library contained the following spells:

 Spells                   Type           Power        Failure   Level  Hunger
 Blink                    Tloc           N/A          17%         2    N/A
 Mephitic Cloud           Conj/Pois/Air  #.......     34%         3    N/A
 Spider Form              Tmut/Pois      Unusable     N/A         3    N/A

Dungeon Overview and Level Annotations

Branches:
Dungeon (2/12)

Altars:


Innate Abilities, Weirdness & Mutations

You do not eat or drink.
Your flesh is vulnerable to fire.
You are immune to poison.
You possess an exceptional clarity of mind.
Your flesh is cold resistant. (rC+)
You are immune to negative energy. (rN+++)
You are immune to unholy pain and torment.
You can survive without breathing.
Your hexes are more powerful.


Message History

Your crimson imp misses the worker ant.
Casting: Call Imp (safe; 17% risk of failure)
Confirm with . or Enter, or press ? or * to list all spells.
Aiming: Magic Dart (safe; 8% risk of failure)
Press: ? - help, Shift-Dir - straight line, f - worker ant
Aim: a worker ant (severely wounded)
The magic dart hits the worker ant but does no damage.
The worker ant is severely wounded.
The bat barely misses you. The bat misses your crimson imp.
The worker ant bites you.
* * * LOW HITPOINT WARNING * * *
Your crimson imp misses the worker ant.
The bat barely misses you.
Your crimson imp barely misses the bat.
You see here a leopard gecko corpse.
The bat closely misses you.
The bat completely misses your crimson imp.
Your crimson imp barely misses the worker ant.
The bat barely misses your crimson imp. The bat closely misses you.
The worker ant bites you.
You die...

#..##.#.#......
#..#.#.#...h..
#...#.# .....
######..#..##.....
#.................
#####....<.#######
##...5.## #..5ab.#
#.#.#@.#
#.#......#
#....>...#
....)......#
.###..)......
##......#.#
#......#.#
###.#### #


You could see a worker ant, a bat and 2 friendly crimson imps.

Vanquished Creatures
  3 dart slugs (D:1)
  4 leopard geckos
  2 goblins
  A hobgoblin (D:1)
  3 jackals (D:1)
  3 kobolds (D:1)
  4 bats
  A frilled lizard (D:1)
  3 rats (D:1)
24 creatures vanquished.

Vanquished Creatures (collateral kills)
  A worm (D:1)
1 creature vanquished.

Grand Total: 25 creatures vanquished

Notes
Turn   | Place    | Note
-------+----------+-------------------------------------------
     0 | D:1      | Mehrunes the Mummy Wizard began the quest for the Orb.
     0 | D:1      | Reached XP level 1. HP: 13/13 MP: 5/5
   328 | D:1      | Reached skill level 1 in Conjurations
   422 | D:1      | Reached XP level 2. HP: 20/20 MP: 1/7
   537 | D:1      | Reached skill level 1 in Fighting
   571 | D:1      | Learned a level 2 spell: Call Imp
  1171 | D:2      | Reached XP level 3. HP: 26/26 MP: 5/8
  1175 | D:2      | Learned a level 3 spell: Conjure Flame
  1424 | D:2      | Noticed an ogre
  1581 | D:2      | HP: 1/26 [worker ant (5)]
  1584 | D:2      | Slain by a worker ant

Skill      XL: |  1  2 |
---------------+-------+-----
Conjurations   | 1 |  1.6
Fighting       | 1 |  1.5
Dodging        | 2 |  2.1
Stealth        | |  2.1
Spellcasting   | |  4.0
Summonings     | |  0.7
Translocations | |  0.7

Action                   || total
-------------------------++-------
Melee: Dagger            ||    48
 Cast: Magic Dart        ||    54
       Call Imp          ||     6
       Conjure Flame     ||     1
  Use: Scroll            ||     1
Armor: Robe              ||    17
Dodge: Dodged            ||    58
